 Dungeon Crawl Stone Soup version 0.28.0-43-g3370ac3207 (webtiles) character file.

Game seed: 9305434904648327949

95 pkoi the Insei (level 4, -1/37 HPs)
             Began as a Demigod Gladiator on Mar 28, 2022.
             Slain by a gnoll
             ... wielding a +1 spear of freezing
              (4 damage)
             ... on level 3 of the Dungeon.
             The game lasted 00:03:05 (3025 turns).

pkoi the Insei (Demigod Gladiator)                  Turns: 3025, Time: 00:03:06

Health: -1/37      AC:  5    Str: 15    XL:     4   Next: 17%
Magic:  6/6        EV: 13    Int: 10    God:
Gold:   145        SH:  0    Dex: 19    Spells: 3/3 levels left

rFire   . . .      SeeInvis .     - Unarmed
rCold   . . .      Faith    .   (no shield)
rNeg    . . .      Spirit   .   a - +0 leather armour
rPois   .          Reflect  .   b - +0 helmet
rElec   .          Harm     .   (no cloak)
rCorr   .          Rampage  .   i - +0 pair of gloves
Will    .....                   (no boots)
Stlth   +.........              (no amulet)
HPRegen 0.12/turn               (no ring)
MPRegen 0.10/turn               (no ring)

@: no status effects
A: high MP 1, forlorn, divine attributes
a: no special abilities


You were on level 3 of the Dungeon.
You visited 1 branch of the dungeon, and saw 3 of its levels.

You collected 145 gold pieces.

Inventory:

Missiles
 c - 2 throwing nets
 e - 3 javelins (quivered)
Armour
 a - a +0 leather armour (worn)
 b - a +0 helmet (worn)
 i - a +0 pair of gloves (worn)
Scrolls
 f - a scroll of magic mapping {unknown}
 h - a scroll of fog {unknown}
 j - a scroll of fear {unknown}
 k - a scroll of summoning {unknown}
 l - a scroll of identify {unknown}
Potions
 d - a potion of lignification {unknown}
 g - a potion of brilliance {unknown}
 m - 2 potions of curing {unknown}


   Skills:
 + Level 2.5 Fighting
 - Level 1.7 Throwing
 + Level 3.3 Dodging
 * Level 3.9 Unarmed Combat


You had 3 spell levels left.
You didn't know any spells.
Your spell library was empty.

Dungeon Overview and Level Annotations

Branches:
Dungeon (3/15)

Shops:
D:1 [


Innate Abilities, Weirdness & Mutations

You have an increased reservoir of magic. (+10% MP)
You shall have no god before yourself.
Your divine heritage dramatically boosts your attributes as you level up.


Message History

No target in view!
No target in view!
No target in view!
No target in view!
No target in view!
No target in view!
No target in view!
No target in view!
No target in view!
No target in view!
No target in view!
No target in view!
No target in view!
No target in view!
No target in view!
The gnoll hits you with a +0 flail!
* * * LOW HITPOINT WARNING * * *
You barely miss the gnoll. The gnoll closely misses you.
You closely miss the gnoll. The gnoll hits you with a +0 flail.
* * * LOW HITPOINT WARNING * * *
You closely miss the gnoll. The gnoll hits you but does no damage.
You closely miss the gnoll. The gnoll closely misses you.
You barely miss the gnoll. Your punch misses the gnoll.
A gnoll comes into view. It is wielding a +1 spear of freezing.
The gnoll hits you but does no damage.
You completely miss the gnoll. The gnoll completely misses you.
You closely miss the gnoll. The gnoll hits you with a +0 flail.
* * * LOW HITPOINT WARNING * * *
You closely miss the gnoll. You hit the gnoll but do no damage.
The gnoll hits you with a +0 flail.
* * * LOW HITPOINT WARNING * * *
You hit the gnoll.
The gnoll is lightly wounded.
The gnoll hits you with a +0 flail.
* * * LOW HITPOINT WARNING * * *
There is a stone staircase leading up here.
The gnoll hits you from afar with a +1 spear of freezing!
* * * LOW HITPOINT WARNING * * *
The gnoll freezes you.
You die...

#.# #......#.####.# #.#
#..####.......#
#.#####........######
#######.................#
#.......#####.#.###...#.#####
#.......# #.#.......#......
#.......#####.#####.#.#......
#.................#....g.g...
#...........@.gg..###.##.....
#.....................##.....
#................###########.
#######...........).†......#.
#...........########.#.
####..........# #.#.
#..........# #...
#..........#########
#...............# ##


You could see 2 gnolls.

Vanquished Creatures
  A gnoll (D:3)
  2 adders
  A dart slug (D:3)
  An orc (D:3)
  6 endoplasms
  4 giant cockroaches
  5 goblins
  5 hobgoblins
  7 jackals
  A quokka (D:1)
  7 ball pythons
  7 bats
  4 frilled lizards
  2 kobolds
  6 rats
59 creatures vanquished.

Notes
Turn   | Place    | Note
-------+----------+-------------------------------------------
     0 | D:1      | pkoi the Demigod Gladiator began the quest for the Orb.
     0 | D:1      | Reached XP level 1. HP: 17/17 MP: 3/3
   232 | D:1      | Reached XP level 2. HP: 20/24 MP: 4/4
   351 | D:1      | Found Bosyej's Antique Armour Shop.
  1225 | D:2      | Reached XP level 3. HP: 27/29 MP: 5/5
  1528 | D:2      | Identified the +0 ring mail of Vehumet's Favour {Rampage
                  | Will- rCorr Str-3}
  2588 | D:3      | Reached XP level 4. HP: 35/37 MP: 6/6
  3025 | D:3      | Slain by a gnoll

Illustrated notes

Levels and vault maps discovered:
D:1:      giann_bridges, layout_basic, serial_shops, shop, minmay_liquid_box
D:2:      layout_loops_ring
D:3:      layout_basic, minivault_4

Skill      XL: |  1  2 |
---------------+-------+-----
Unarmed Combat | 3 |  3.9
Fighting       | 2 |  2.5
Dodging        | 3 |  3.3
Throwing       | |  1.7

Action                   |  1- 3 |  4- 6 || total
-------------------------+-------+-------++-------
Melee: Unarmed           |   201 |    22 ||   223
       Punch             |     7 |       ||     7
Throw: Throwing net      |     1 |       ||     1
 Stab: Sleeping          |     1 |       ||     1
Armor: Leather armour    |    75 |     4 ||    79
Dodge: Dodged            |   148 |     9 ||   157
